 Dungeon Crawl Stone Soup version 0.26-a0-850-g97a50ab700 (webtiles) character file.

Game seed: 15252929092665045399

1229 pablito the Sneak (level 8, -9/72 HPs)
             Began as a Naga Warper on Nov 20, 2020.
             Killed by divine providence
             ... invoked by an orc priest
              (16 damage)
             ... on level 5 of the Dungeon.
             The game lasted 00:35:11 (8712 turns).

pablito the Sneak (Naga Warper)                     Turns: 8712, Time: 00:35:12

Health: -9/72      AC:  8    Str: 14    XL:     8   Next: 48%
Magic:  8/12       EV: 10    Int: 14    God:
Gold:   267        SH:  4    Dex: 12    Spells: 4/13 levels left

rFire    . . .     SeeInvis +   x - +4 flail
rCold    . . .     Faith    .   q - +0 buckler
rNeg     . . .     Spirit   .   b - +0 leather armour
rPois    +         Reflect  .   g - +0 helmet
rElec    .         Harm     .   H - +1 cloak {rCorr}
rCorr    +         Rampage  .   z - +0 pair of gloves
MR       +....                  (no barding)
Stlth    +++.......             (no amulet)
HPRegen  0.22/turn              (no ring)
MPRegen  0.13/turn              (no ring)

@: about to teleport, very slow
A: large, see invisible, deformed body, poison resistance, slowness 2, spit
poison 1, AC +2
a: Spit Poison


You were on level 5 of the Dungeon.
You visited 1 branch of the dungeon, and saw 6 of its levels.

You collected 267 gold pieces.

Inventory:

Hand Weapons
 a - a +0 mace
 h - a +1 mace of holy wrath
 u - a +3 antimagic flail
 x - a +4 flail (weapon)
 y - a +1 flail of protection
 G - a +4 quarterstaff of chaos
Missiles
 e - a boomerang of dispersal (quivered)
 l - 2 throwing nets
Armour
 b - a +0 leather armour (worn)
 g - a +0 helmet (worn)
 q - a +0 buckler (worn)
 z - a +0 pair of gloves (worn)
 H - a +1 cloak of preservation (worn)
Magical Staves
 D - an uncursed staff of poison
Jewellery
 d - an uncursed ring of ice
 f - a cursed -4 ring of slaying {unknown}
 o - an uncursed amulet of magic regeneration {unknown}
 p - an uncursed amulet of reflection {unknown}
Wands
 E - a wand of digging (3)
Scrolls
 c - 3 scrolls of teleportation
 i - 3 scrolls of magic mapping {unknown}
 j - 2 scrolls of remove curse {unknown}
 n - a scroll of amnesia {unknown}
 t - a scroll of random uselessness {unknown}
 v - a scroll of noise {unknown}
 A - a scroll of identify
 C - a scroll of immolation {unknown}
Potions
 k - 2 potions of berserk rage {unknown}
 m - 4 potions of curing
 r - a potion of lignification {unknown}
 s - 2 potions of heal wounds {unknown}
 w - a potion of brilliance {unknown}
 B - 3 potions of flight {unknown}
 F - 2 potions of ambrosia {unknown}


   Skills:
 - Level 4.0 Fighting
 - Level 4.0 Maces & Flails
 - Level 3.0 Throwing
 - Level 1.4 Armour
 - Level 2.1 Dodging
 - Level 5.0 Stealth
 - Level 2.1 Shields
 - Level 3.0 Spellcasting
 - Level 4.6 Translocations
 + Level 3.5 Transmutations


You had 4 spell levels left.
You knew the following spells:

 Your Spells              Type           Power        Failure   Level
a - Blink                 Tloc           N/A          6%          2
b - Gell's Gravitas       Tloc           ###.......   12%         3
c - Petrify               Tmut/Erth      #.......     80%         4

Your spell library contained the following spells:

 Spells                   Type           Power        Failure   Level
 Lesser Beckoning         Tloc           ###.......   12%         3
 Teleport Other           Tloc           ###.....     12%         3
 Passage of Golubria      Tloc           N/A          38%         4
 Confusing Touch          Hex            #.......     63%         3
 Yara's Violent Unravell  Hex/Tmut       #.........   98%         5
 Metabolic Englaciation   Hex/Ice        #.........   100%        5


Dungeon Overview and Level Annotations

Branches:
Dungeon (6/15)
 Temple: D:4-7

Altars:
Kikubaaqudgha

Shops:
D:4 :

Annotations:
D:4 3 runed translucent doors, Blork the orc; DocClef's ghost, weakling GnDe; JolietJake's ghost, amateur MiFi; dudeneo's ghost, novice DsFi; sahdkjhfkaj's ghost, novice SpEn
D:5 Pikel


Innate Abilities, Weirdness & Mutations

You cannot wear boots.
Your serpentine skin is tough. (AC +2)
You have supernaturally acute eyesight. (SInv)
Armour fits poorly on your strangely shaped body.
Your system is resistant to poisons. (rPois)
You cover ground very slowly.
You can spit poison.


Message History

Pikel zaps a wand.
You resist with significant effort.
The orc priest hits you with a +0 trident.
* * * LOW HITPOINT WARNING * * *
You climb upwards.
You have got your breath back.
There is a stone staircase leading down, spattered with blood here.
Casting: Blink (safe; 6% risk of failure)
Confirm with . or Enter, or press ? or * to list all spells.
You blink.
The orc priest mumbles some strange prayers to Beogh against you.
Beogh smites you!
* * * LOW HITPOINT WARNING * * *
As you read the scroll of teleportation, it crumbles to dust.
You feel strangely unstable.
Casting: Blink (safe; 6% risk of failure)
Confirm with . or Enter, or press ? or * to list all spells.
You blink.
The orc priest calls down the wrath of Beogh upon you.
Beogh smites you!
You die...

.##'####...######.......###...###
............#...#.......#.....#..
............'...#.......#.(...#..
............#...#.......#.....#..
............#...#......>#.....#..
............#...#.......#.....#..
............#...#.......#.....#..
'################.......###'####.
..............>[@.####'##...#####
............o.K[..#..........#...
..................#..........#...
........)...ยง.....#..........#...
.........)........###############
####.....########.......# #....
#.....# #.......# #.... #.....#
#.......# #.... #.....# #.......#
#....


You could see Pikel and an orc priest.

Vanquished Creatures
  Grinder (D:3)
  A sky beast (D:5)
  2 ogres (D:5)
  3 lemures (D:5)
  A scorpion (D:5)
  A howler monkey (D:4)
  A bullfrog zombie (D:5)
  2 orc priests (D:6)
  2 hounds (D:5)
  Crazy Yiuf (D:5)
  A bullfrog skeleton (D:5)
  Ijyb (D:5)
  5 orc wizards
  3 worker ants
  7 gnolls
  7 adders
  A white imp (D:5)
  An ufetubus (D:5)
  An ooze (D:3)
  3 worms
  2 dart slugs
  3 leopard geckos
  15 orcs
  8 bats
  9 goblins (D:1)
  6 hobgoblins
  2 jackals (D:4)
  3 quokkas
  9 frilled lizards
  5 kobolds
  5 rats
112 creatures vanquished.

Notes
Turn   | Place    | Note
-------+----------+-------------------------------------------
     0 | D:1      | pablito the Naga Warper began the quest for the Orb.
     0 | D:1      | Reached XP level 1. HP: 19/19 MP: 3/3
    52 | D:1      | Reached skill level 1 in Throwing
   117 | D:1      | Reached skill level 1 in Armour
   117 | D:1      | Reached XP level 2. HP: 19/26 MP: 5/5
   120 | D:1      | Learned a level 2 spell: Blink
   559 | D:1      | Reached XP level 3. HP: 32/32 MP: 6/6
   782 | D:1      | HP: 3/32 [poisoned by an adder]
   790 | D:1      | HP: 2/32 [poisoned by an adder]
  1295 | D:2      | Found an ancient bone altar of Kikubaaqudgha.
  1534 | D:1      | HP: 3/33 [poisoned by an adder]
  1542 | D:1      | HP: 2/33 [poisoned by an adder]
  1825 | D:2      | Reached XP level 4. HP: 37/40 MP: 7/7
  3552 | D:3      | Reached XP level 5. HP: 46/46 MP: 8/8
  3556 | D:3      | Learned a level 3 spell: Gell's Gravitas
  3848 | D:3      | Noticed Grinder
  4082 | D:3      | Killed Grinder
  4083 | D:3      | Reached skill level 1 in Shields
  4083 | D:3      | Reached XP level 6. HP: 44/56 MP: 7/9
  4634 | D:4      | Found Nuosicip's Book Emporium.
  4653 | D:4      | Upgraded the game from 0.26-a0-846-gcc8f1ee719 to
                  | 0.26-a0-850-g97a50ab700
  4750 | D:4      | Reached XP level 7. HP: 11/62 MP: 2/10
  5211 | D:4      | Found a runed translucent gate.
  5211 | D:4      | Found a runed translucent gate.
  5211 | D:4      | Found a runed translucent gate.
  5227 | D:4      | Noticed dudeneo's ghost (novice DsFi)
  5227 | D:4      | Noticed DocClef's ghost (weakling GnDe)
  5227 | D:4      | Noticed sahdkjhfkaj's ghost (novice SpEn)
  5227 | D:4      | Noticed JolietJake's ghost (amateur MiFi)
  5400 | D:4      | Learned a level 4 spell: Petrify
  5642 | D:4      | Noticed Blork the orc
  6288 | D:5      | Entered Level 5 of the Dungeon
  6295 | D:5      | Reached skill level 1 in Stealth
  6551 | D:5      | Reached skill level 2 in Stealth
  6551 | D:5      | Reached skill level 1 in Transmutations
  6658 | D:5      | Reached XP level 8. HP: 61/72 MP: 12/12
  6821 | D:5      | Reached skill level 3 in Stealth
  6986 | D:5      | Reached skill level 4 in Stealth
  7163 | D:5      | Found a runed translucent door.
  7164 | D:5      | Noticed Crazy Yiuf
  7311 | D:5      | Noticed Ijyb
  7328 | D:5      | Killed Ijyb
  7591 | D:5      | Killed Crazy Yiuf
  7791 | D:5      | Reached skill level 5 in Stealth
  8401 | D:6      | Noticed Pikel
  8710 | D:5      | HP: 6/72 [orc priest/divine providence (12)]
  8712 | D:5      | Killed from afar by an orc priest

Illustrated notes

Levels and vault maps discovered:
D:1:      lemuel_arrival_funnel, layout_rooms
D:2:      layout_basic, old_standard_altar, grunt_ministairs_2,
          minmay_misc_feat_roman
D:3:      layout_basic, uniq_grinder
D:4:      layout_gridville, gammafunk_ghost_cemetery, serial_shops, shop,
          uniq_blork_the_orc
D:5:      layout_gridville, uniq_crazy_yiuf_cottage, uniq_ijyb
D:6:      layout_rooms, uniq_pikel

Skill      XL: |  1  2  3  4  5  6  7  8 |
---------------+-------------------------+-----
Throwing       | 1 2 3 |  3.0
Armour         | 1 |  1.4
Dodging        | 2 |  2.1
Fighting       | 3 4 |  4.0
Maces & Flails | 3 4 |  4.0
Shields        | 1 2 |  2.1
Translocations | 4 |  4.6
Stealth        | 2 5 |  5.0
Transmutations | 1 3 |  3.5
Spellcasting   | 3 |  3.0

Action                   |  1- 3 |  4- 6 |  7- 9 || total
-------------------------+-------+-------+-------++-------
Melee: Mace              |    82 |   131 |     5 ||   218
       Flail             |       |       |   157 ||   157
Throw: Boomerang         |     1 |     1 |     2 ||     4
 Cast: Blink             |     5 |     7 |    18 ||    30
 Abil: Spit Poison       |     8 |    17 |    36 ||    61
  Use: Scroll            |     2 |     3 |     3 ||     8
Armor: Leather armour    |    40 |    61 |    61 ||   162
Dodge: Dodged            |    50 |    70 |    80 ||   200
Block: Buckler           |       |    10 |    40 ||    50

Table legend: (Time is in decaauts)
 A = Elapsed time spent in this place.
 B = Non-inter-level travel time spent in this place.
 C = Inter-level travel time spent in this place.
 D = Time resting spent in this place.
 E = Time spent auto-exploring this place.
 F = Levels seen in this place.
 G = Mean time per level.
                   A        B        C        D        E       F      G
               +--------+--------+--------+--------+--------+-----+--------+
         Total |  10134 |   9803 |    331 |   3218 |   5061 |   6 | 1689.0 |
       Dungeon |  10134 |   9803 |    331 |   3218 |   5061 |   6 | 1689.0 |
               +--------+--------+--------+--------+--------+-----+--------+

Top non-repeatable levels by time:
     D:5: 2736 daAuts
     D:3: 2389 daAuts
     D:4: 1874 daAuts
     D:1: 1669 daAuts
     D:2: 1428 daAuts
     D:6: 36 daAuts
